 Dungeon Crawl Stone Soup version 0.28.0-62-gf88900778d (webtiles) character file.

Game seed: 17441827435227769839

40 cbfl8 the Chopper (level 3, -2/24 HPs)
             Began as an Octopode Gladiator on July 7, 2023.
             Slain by an adder (5 damage)
             ... on level 2 of the Dungeon.
             The game lasted 00:01:47 (1622 turns).

cbfl8 the Chopper (Octopode Gladiator)              Turns: 1622, Time: 00:01:47

Health: -2/24      AC:  1    Str: 15    XL:     3   Next: 50%
Magic:  3/3        EV: 14    Int: 10    God:
Gold:   63         SH:  0    Dex: 13    Spells: 2/2 levels left

rFire   . . .      SeeInvis .   a - +0 war axe
rCold   . . .      Faith    .   (no shield)
rNeg    . . .      Spirit   .   b - +0 hat
rPois   .          Reflect  .   (no amulet)
rElec   .          Harm     .   (no ring)
rCorr   .          Rampage  .   (no ring)
Will    .....                   (no ring)
Stlth   +++.......              (no ring)
HPRegen 0.08/turn               (no ring)
MPRegen 0.08/turn               (no ring)
                                (no ring)
                                (no ring)

@: no status effects
A: almost no armour, amphibious, 8 rings, camouflage 1, gelatinous body 1,
(nimble swimmer 1), tentacles
a: no special abilities


You were on level 2 of the Dungeon.
You visited 1 branch of the dungeon, and saw 2 of its levels.

You collected 63 gold pieces.

Inventory:

Hand Weapons
 a - a +0 war axe (weapon)
Missiles
 c - 3 throwing nets (quivered)
Armour
 b - a +0 hat (worn)
Potions
 e - a potion of magic
 f - a potion of ambrosia {unknown}
 g - a potion of attraction {unknown}
 i - a potion of degeneration {unknown}


   Skills:
 + Level 2.0 Fighting
 + Level 3.5 Axes
 + Level 2.0 Throwing
 + Level 3.2 Dodging
 * Level 2.2 Stealth
 * Level 1.1 Evocations


You had 2 spell levels left.
You didn't know any spells.
Your spell library was empty.

Dungeon Overview and Level Annotations

Branches:
Dungeon (2/15)

Altars:


Innate Abilities, Weirdness & Mutations

You cannot wear most types of armour.
You are amphibious.
You can wear up to eight rings at the same time.
Your skin changes colour to match your surroundings (Stealth+).
Your rubbery body absorbs attacks. (AC +1, EV +1)
((You are camouflaged when in or above water. (Stealth+)))
You have tentacles for arms and can constrict up to eight enemies at once.


Message History

You kill the ball python!
Found a stone staircase leading down.
No target in view!
There is a stone staircase leading down here.
Found a hunting sling.
No target in view!
You see here a +0 hunting sling.
An endoplasm comes into view.
The endoplasm quivers.
An endoplasm is nearby!
An endoplasm is nearby!
You hit the endoplasm.
The endoplasm is heavily wounded.
The endoplasm hits you.
You slash the endoplasm!
You kill the endoplasm!
A gnoll is nearby!
There are monsters nearby!
There are monsters nearby!
There are monsters nearby!
You closely miss the gnoll.
The gnoll shouts! x2
You grab the gnoll. You hit the gnoll but do no damage.
You constrict the gnoll. The gnoll barely misses you.
The gnoll closely misses you. The gnoll hits you with a +0 club.
The gnoll hits you with a +0 flail!
Ouch! That really hurt!
There are monsters nearby!
As you read the scroll labelled NAJARO IPIETIUNTE, it crumbles to dust.
You hear a loud clanging noise!
It was a scroll of noise.
You constrict the gnoll.
You hear an angry hiss.
You hear a shout!
The gnoll hits you with a +0 flail!
* * * LOW HITPOINT WARNING * * *
The gnoll completely misses you. The gnoll barely misses you.
You release your grip on the gnoll.
The gnoll barely misses you.
An adder comes into view.
The adder bites you.
You die...

## ###.# . ##. #..##
##### .#..#
##..####.g.#
..g..###.....##.#g#
#.?.#...#..gg.#.#
#..g..####.###.###
##._.## #.# #...#
#.รท...##########.#
#...#...#..S@g....# #
#....###......#######
# ##..# ##..##.#
######## ##. #..###.#
........ # ##..##..
.####### #..g#.## #
#...## ####### #..<#
#....<# #..## ###.###


You could see a gnoll and an adder.

Vanquished Creatures
  An adder (D:1)
  A dart slug (D:1)
  9 ball pythons
  4 endoplasms
  A giant cockroach (D:1)
  A goblin (D:2)
  2 hobgoblins (D:1)
  6 kobolds (D:1)
  A bat (D:2)
  A frilled lizard (D:1)
27 creatures vanquished.

Notes
Turn   | Place    | Note
-------+----------+-------------------------------------------
     0 | D:1      | cbfl8 the Octopode Gladiator began the quest for the Orb.
     0 | D:1      | Reached XP level 1. HP: 14/14 MP: 1/1
   135 | D:1      | Reached XP level 2. HP: 19/19 MP: 2/2
   308 | D:1      | Reached skill level 1 in Stealth
   922 | D:2      | Found a faded altar of an unknown god.
  1121 | D:2      | Reached XP level 3. HP: 21/24 MP: 3/3
  1163 | D:2      | Reached skill level 1 in Evocations
  1622 | D:2      | Slain by an adder

Illustrated notes

Levels and vault maps discovered:
D:1:      saegor_arrival_simple_b, layout_basic, bh_walls_and_bars
D:2:      layout_basic, nicolae_ecumenical_snake_handling

Skill      XL: |  1  2  3 |
---------------+----------+-----
Stealth        | 1 2 |  2.2
Evocations     | 1 |  1.1
Fighting       | |  2.0
Axes           | |  3.5
Throwing       | |  2.0
Dodging        | |  3.2

Action                   || total
-------------------------++-------
Melee: War axe           ||    44
       Constrict         ||    14
       Tentacles         ||     7
  Use: Potion            ||     3
       Scroll            ||     1
 Stab: Sleeping          ||     7
Armor: Skin              ||     4
Dodge: Dodged            ||    49
